 Dungeon Crawl Stone Soup version 0.22.1-1-ga44c0e56f4 (webtiles) character file.

278161 Ihlosi the Warrior (level 21, -9/184 HPs)
             Began as a Human Gladiator on Nov 9, 2018.
             Was the Champion of the Shining One.
             Mangled by a deep troll (20 damage)
             ... led by an ironheart preserver
             ... on level 2 of the Vaults on Nov 10, 2018.
             The game lasted 03:32:28 (41725 turns).

Ihlosi the Warrior (Human Gladiator)               Turns: 41725, Time: 03:32:28

Health: -9/184     AC: 36    Str: 22    XL:     21   Next: 71%
Magic:  39/39      EV: 16    Int: 10    God:    the Shining One [******]
Gold:   1289       SH:  4    Dex: 19    Spells: 29/32 levels left

rFire    + + +     SeeInvis .   a - +9 scimitar of Courage {freeze, -Tele rF++ rC+++}
rCold    + + +     Gourm    .   (no shield)
rNeg     + + +     Faith    .   i - +2 plate armour {rC+}
rPois    +         Spirit   .   D - +0 helmet
rElec    .         Reflect  +   v - +2 cloak {rPois}
rCorr    .         Harm     .   T - +2 pair of gloves {Str+3}
MR       +....     NoTele   +   F - +1 pair of boots
Stlth    ..........             S - +4 amulet of reflection
HPRegen  0.40/turn              j - ring "Repla Ere" {rPois rF+ MP+9}
MPRegen  0.26/turn              O - ring of Robustness {AC+8}

@: glowing
A: no striking features
}: 1/15 runes: decaying
a: Divine Shield, Cleansing Flame, Summon Divine Warrior, Brand Weapon With Holy
Wrath, Renounce Religion


You were on level 2 of the Vaults.
You worshipped the Shining One.
The Shining One was exalted by your worship.
You were hungry.

You visited 9 branches of the dungeon, and saw 37 of its levels.
You visited the Abyss 1 time.
You visited 1 bazaar.
You also visited: Wizlab.

You collected 3042 gold pieces.
You spent 1753 gold pieces at shops.

Inventory:

Hand Weapons
 a - the +9 scimitar of Courage (weapon) {freeze, -Tele rF++ rC+++}
   (You bought it in a shop on level 11 of the Dungeon)

   It has been specially enchanted to freeze those struck by it, causing extra
   injury to most foes and up to half again as much damage against particularly
   susceptible opponents.
   It can also slow down cold-blooded creatures.
   It greatly protects you from fire.
   It renders you almost immune to cold.
   It prevents most forms of teleportation.
 c - a +3 great sword of holy wrath
 d - a +2 scimitar of flaming
 k - a +4 arbalest of freezing
Missiles
 x - 153 bolts
Armour
 i - a +2 plate armour of cold resistance (worn)
 v - a +2 cloak of poison resistance (worn)
 D - a +0 helmet (worn)
 F - a +1 pair of boots (worn)
 T - a +2 pair of gloves of strength (worn)
Jewellery
 j - the ring "Repla Ere" (left hand) {rPois rF+ MP+9}
   (You bought it in a shop on level 2 of the Orcish Mines)

   [ring of magical power]

   It protects you from fire.
   It protects you from poison.
   It affects your magic capacity (+9).
 q - an uncursed ring of flight
 I - an uncursed ring of protection from magic
 K - an uncursed amulet of regeneration
 M - an uncursed ring of see invisible
 O - the ring of Robustness (right hand) {AC+8}
   (You found it on level 10 of the Dungeon)

   [ring of protection]

   It affects your AC (+8).
 S - a +4 amulet of reflection (around neck)
Wands
 l - a wand of digging (24)
 m - a wand of enslavement (9)
 n - a wand of flame (59)
 u - a wand of polymorph (7)
 A - a wand of iceblast (33)
 E - a wand of acid (7)
 G - a wand of paralysis (43)
 P - a wand of disintegration (5)
Scrolls
 g - a scroll of magic mapping
 o - 6 scrolls of enchant armour
 p - 21 scrolls of teleportation
 t - 4 scrolls of enchant weapon
 w - 2 scrolls of blinking
 y - 3 scrolls of immolation
 z - a scroll of silence
 C - 11 scrolls of remove curse
 J - 5 scrolls of amnesia
 Q - 11 scrolls of identify
 V - 3 scrolls of fog
Potions
 b - a potion of magic
 e - 12 potions of curing
 h - 4 potions of flight
 r - 3 potions of resistance
 s - 2 potions of ambrosia
 B - 4 potions of brilliance
 H - 6 potions of mutation
 L - 2 potions of haste
 Y - 2 potions of cancellation
Comestibles
 f - 44 rations


   Skills:
 + Level 20.4 Fighting
 + Level 17.3 Long Blades
 * Level 1.9 Crossbows
 - Level 2.0 Throwing
 - Level 12.0 Armour
 * Level 13.9 Dodging
 - Level 1.0 Stealth
 - Level 6.0 Spellcasting
 * Level 7.7 Translocations
 * Level 10.4 Invocations
 - Level 6.0 Evocations


You had 29 spell levels left.
You knew the following spells:

 Your Spells              Type           Power        Failure   Level  Hunger
a - Apportation           Tloc           ###...       11%         1    None
b - Swiftness             Chrm/Air       #.......     98%         2    ##.....

Your spell library contained the following spells:

 Spells                   Type           Power        Failure   Level  Hunger
 Gell's Gravitas          Tloc           ###.......   30%         3    ###....
 Lesser Beckoning         Tloc           ###.......   30%         3    ###....
 Teleport Other           Tloc           ###.....     30%         3    ###....
 Shroud of Golubria       Chrm/Tloc      ##........   58%         2    ##.....
 Passage of Golubria      Tloc           N/A          71%         4    ####...
 Portal Projectile        Hex/Tloc       ##....       83%         3    ###....
 Recall                   Summ/Tloc      N/A          83%         3    ###....
 Animate Skeleton         Necr           N/A          94%         1    None
 Confusing Touch          Hex            #.....       94%         1    None
 Infusion                 Chrm           #...         94%         1    None
 Magic Dart               Conj           #...         94%         1    None
 Sandblast                Erth           #.....       94%         1    None
 Summon Butterflies       Summ           #.......     94%         1    None
 Summon Small Mammal      Summ           #...         94%         1    None
 Passwall                 Tmut/Erth      #.......     98%         2    ##.....
 Searing Ray              Conj           #.....       98%         2    ##.....
 Song of Slaying          Chrm           #.......     98%         2    ##.....
 Force Lance              Conj/Tloc      ##......     99%         4    ####...
 Dazzling Spray           Conj/Hex       #.....       100%        3    ###....
 Regeneration             Chrm/Necr      #.........   100%        3    ###....
 Spectral Weapon          Hex/Chrm       #.......     100%        3    ###....
 Stone Arrow              Conj/Erth      #.....       100%        3    ###....
 Tukima's Dance           Hex            #.......     100%        3    ###....
 Fulminant Prism          Conj/Hex       #.........   100%        4    ####...
 Ice Form                 Ice/Tmut       #.......     100%        4    ####...
 Iskenderun's Mystic Bla  Conj           #.......     100%        4    ####...
 Petrify                  Tmut/Erth      #.......     100%        4    ####...
 Alistair's Intoxication  Tmut/Pois      #.......     100%        5    ######.
 Aura of Abjuration       Summ           #.........   100%        5    ######.
 Bolt of Magma            Conj/Fire/Erth #.........   100%        5    ######.
 Lee's Rapid Deconstruct  Erth           #.........   100%        5    ######.
 Metabolic Englaciation   Hex/Ice        #.........   100%        5    ######.
 Summon Demon             Summ           #.........   100%        5    ######.
 Summon Forest            Summ/Tloc      ##........   100%        5    ######.
 Summon Mana Viper        Hex/Summ       #.......     100%        5    ######.
 Bolt of Cold             Conj/Ice       #.........   100%        6    #######
 Darkness                 Hex            #.........   100%        6    #######
 Dispersal                Tloc           ###.......   100%        6    #######
 Freezing Cloud           Conj/Ice/Air   #.........   100%        6    #######
 Invisibility             Hex            #.......     100%        6    #######
 Iron Shot                Conj/Erth      #.........   100%        6    #######
 Ozocubu's Refrigeration  Ice            #.........   100%        6    #######
 Shadow Creatures         Summ           N/A          100%        6    #######
 Simulacrum               Ice/Necr       #.........   100%        6    #######
 Statue Form              Tmut/Erth      #........    100%        6    #######
 Malign Gateway           Summ/Tloc      ##........   100%        7    #######
 Controlled Blink         Tloc           N/A          100%        8    #######
 Disjunction              Tloc           ###.......   100%        8    #######


Dungeon Overview and Level Annotations

Branches:
Dungeon (15/15)            Temple (1/1) D:7            Lair (6/6) D:9
  Swamp (4/4) Lair:3       Spider (3/4) Lair:3        Slime (0/5) Lair:5
    Orc (2/2) D:11            Elf (3/3) Orc:2        Vaults (2/5) D:14
  Crypt (0/3) Vaults:2     Depths (1/5) D:15

Altars:
Ashenzari
Cheibriados
Dithmenos
Elyvilon
Fedhas
Gozag
Hepliaklqana
Kikubaaqudgha
Makhleb
Nemelex Xobeh
Okawaru
Qazlal
Ru
Sif Muna
Trog
Uskayaw
Vehumet
Wu Jian
Xom
Yredelemnul
Zin
The Shining One
Beogh
Jiyva

Shops:
D:3 *   D:11 }([*   D:14 =   Orc:2 =?[[[   Elf:1 :   Vaults:2 =

Annotations:
D:13 3 runed doors
D:14 2 transporters, exclusion: obsidian statue, Judosoz's ghost, journeyman GrBe
Lair:5 3 runed doors, exclusion: oklob plant, Gunterle's ghost, journeyman OpEE
Spider:3 !Nikola, Nikola
Elf:3 Unfinished


Message History

Okay, then.
You feel better. You block the deep troll's attack. The deep troll claws you.
* * * LOW HITPOINT WARNING * * *
The deep troll completely misses you.
You feel better.
You hit the deep troll. You freeze the deep troll.
The deep troll is severely wounded.
You block the deep troll's attack.
The deep troll claws you but does no damage.
The deep troll closely misses you. The deep troll barely misses you.
The deep troll completely misses you. The deep troll claws you!
* * * LOW HITPOINT WARNING * * *
The deep troll no longer looks unusually strong.
The deep troll barely misses you.
The deep troll claws you but does no damage. x2
The deep troll shaman calls upon its god to speed up the deep troll.
The deep troll seems to speed up.
You block the deep troll's attack. The deep troll misses you. x2
The deep troll bites you!!
You die...

,,,,,,,#......# **,,,,,**
,,,,,,,#......#########+*****
,,,,,,,#......#.........*
,,,,,,,#.....Z'Z........*
,,,,,,,+......#T).......*
*******#......#.........*
#..Z...#.........*
#####''#####.TT......*
#......# #.@.......* #......#
#.........* ####[.....#
#.........* ...'......#
##'#########* ...#).....#
#...........# ...'......#
#.8.##+##.8.# ...'......#
#...#,,,*,..# ...########
#.###,,,**#.# ...*
#.#,,,,,,,#.#######


You could see 2 deep trolls, a deep troll shaman and a fire giant simulacrum.

Vanquished Creatures
  the Lernaean hydra (Swamp:4)
  A deep elf blademaster (Elf:3)
  Asterion (Elf:2)
  Gastronok (Lair:2)
  2 tentacled starspawn (WizLab)
  Agnes (Elf:2)
  Donald (Elf:3)
  Kirke (Lair:6)
  Roxanne (Elf:1)
  4 thorn hunters
  A tengu reaver (D:12)
  A fire giant (D:12)
  2 deep elf sorcerers
  A frost giant (D:12)
  2 vault wardens
  A deep elf elementalist (Elf:3)
  Louise (Swamp:1)
  4 emperor scorpions
  A stone giant (Orc:1)
  4 ironheart preservers
  4 deep elf demonologists
  A very ugly thing (Swamp:2)
  A dire elephant (D:15)
  3 deep elf annihilators
  An eidolon (WizLab)
  2 deep elf death magi (Elf:3)
  2 ogre magi
  A deep elf high priest (Elf:1)
  4 yaktaur captains
  Fannar (Lair:3)
  3 great orbs of eyes
  A fire dragon (Vaults:1)
  8 vault guards
  25 hydras
  An ice dragon (Vaults:2)
  A ghost crab (Swamp:1)
  12 alligators
  A catoblepas (D:15)
  8 centaur warriors
  26 dancing weapons
  12 two-headed ogres
  Erica (Lair:1)
  2 tengu warriors
  4 death yaks (Lair:6)
  A deep troll shaman (Vaults:2)
  3 deep troll earth magi (Vaults:1)
  A shock serpent (shapeshifter) (Elf:3)
  A small abomination (Elf:1)
  3 thrashing horrors (WizLab)
  22 deep elf knights
  Sonja (Lair:6)
  A sun demon (Abyss:3)
  A wretched star (Abyss:3)
  An unseen horror (shapeshifter) (Vaults:1)
  6 unseen horrors
  2 deep trolls
  3 spriggan druids
  A shambling mangrove (Swamp:3)
  A swamp dragon (shapeshifter) (Elf:3)
  2 wizards
  An obsidian statue (WizLab)
  6 ironbrand convokers
  12 swamp dragons
  11 orc knights
  7 orb spiders
  16 deep elf archers
  2 orc sorcerers
  7 ugly things
  61 deep elf magi
  12 wolf spiders
  5 cyclopes
  A worldbinder (WizLab)
  A guardian serpent (WizLab)
  A salamander (shapeshifter) (D:14)
  11 manticores
  A gargoyle (D:14)
  A torpor snail (Lair:4)
  6 black mambas
  4 vault sentinels
  12 spiny frogs
  Joseph (Lair:1)
  An orange demon (WizLab)
  7 yaktaurs
  3 demonic crawlers
  An ancient zyme (WizLab)
  8 komodo dragons
  A freezing wraith (D:12)
  2 tengu conjurers
  12 jumping spiders
  3 trolls
  A meliai (Spider:1)
  A wind drake (WizLab)
  9 polar bears (Lair:6)
  7 blink frogs (WizLab)
  31 slime creatures
  10 tyrant leeches
  6 bog bodies
  13 hornets
  A hippogriff (shapeshifter) (Elf:3)
  5 hippogriffs
  2 raiju (Lair:6)
  5 dream sheep (Lair:6)
  A blink frog (shapeshifter) (D:13)
  A spriggan (shapeshifter) (Elf:1)
  2 air elementals
  11 tarantellas
  Sigmund (D:6)
  18 redbacks
  3 wyverns
  4 spriggans
  5 shadows
  3 water elementals
  A hog (shapeshifter) (D:14)
  3 fire elementals (Elf:3)
  Grum (D:8)
  A hog (Lair:6)
  The ghost of rumpelstilzz the Grasshopper, an amateur CeWr (D:4)
  43 yaks
  A basilisk (D:13)
  A hungry ghost (D:8)
  2 steam dragons
  16 vampire mosquitoes
  7 insubstantial wisps
  11 swamp worms
  A large abomination (Abyss:3)
  12 wargs
  3 spatial vortices (WizLab)
  13 hell hounds (Lair:6)
  An infernal demonspawn skeleton (WizLab)
  2 acid dragons
  2 soldier ants
  12 water moccasins
  5 porcupines
  15 swamp drakes
  6 sky beasts
  15 black bears
  4 ice beasts
  38 orc warriors
  10 ogres
  3 phantoms
  An eye of draining (D:10)
  A necrophage (D:11)
  20 wolves
  9 centaurs
  16 crocodiles
  A gnoll sergeant (D:12)
  5 earth elementals
  28 bullfrogs
  An iguana (D:5)
  3 scorpions
  16 killer bees
  5 wights
  6 howler monkeys
  8 crimson imps
  2 bullfrog zombies
  6 jellies
  5 hounds
  3 bullfrog skeletons
  3 centaur skeletons
  An iron imp (WizLab)
  10 orc priests
  15 orc wizards
  13 worker ants
  2 killer bee zombies
  8 gnolls
  14 adders
  5 shadow imps
  2 oozes
  An adder zombie (D:6)
  3 worms
  2 dart slugs
  6 leopard geckos
  86 orcs
  12 giant cockroaches
  7 goblins
  8 hobgoblins
  10 jackals (D:4)
  8 kobolds
  10 quokkas
  A ball python (D:1)
  6 bats
  4 frilled lizards
  2 quokka skeletons
  26 rats
  2 briar patches
  3 plants
1200 creatures vanquished.

Vanquished Creatures (collateral kills)
  A profane servitor (WizLab)
  An eldritch tentacle (WizLab)
  A deep elf elementalist (Elf:3)
  2 deep elf annihilators
  A deep elf knight (Elf:3)
  A hell knight (WizLab)
  A wizard (WizLab)
  2 deep elf archers (Elf:3)
  A red devil (WizLab)
  An orc warrior (D:7)
  A howler monkey (D:5)
  A small abomination (WizLab)
  A quokka zombie (D:5)
15 creatures vanquished.

Vanquished Creatures (others)
  An emperor scorpion (Spider:2)
  2 spiny frogs
  A jumping spider (Spider:3)
  A hornet (Swamp:4)
  A tarantella (Spider:2)
  A human (Lair:6)
  A swamp worm (Swamp:1)
  An ogre (D:5)
  An electric eel (Elf:1)
  9 fungi
  13 plants
  7 starspawn tentacles (WizLab)
39 creatures vanquished.

Grand Total: 1254 creatures vanquished

Notes
Turn   | Place    | Note
-------+----------+-------------------------------------------
     0 | D:1      | Ihlosi the Human Gladiator began the quest for the Orb.
     0 | D:1      | Reached XP level 1. HP: 16/16 MP: 1/1
    79 | D:1      | Reached XP level 2. HP: 22/22 MP: 2/2
   344 | D:1      | Reached XP level 3. HP: 27/27 MP: 3/3
   351 | D:1      | Reached skill level 1 in Stealth
   472 | D:1      | Reached skill level 1 in Armour
   903 | D:2      | Reached XP level 4. HP: 33/34 MP: 4/4
  1750 | D:3      | Found Gozag's Platinum Reserve.
  1750 | D:3      | Found an opulent altar of Gozag.
  1773 | D:3      | Reached XP level 5. HP: 37/40 MP: 5/5
  2346 | D:3      | Noticed a moth of wrath
  2350 | D:3      | Found a bloodstained altar of Trog.
  2385 | D:3      | Reached skill level 3 in Fighting
  3158 | D:4      | Reached XP level 6. HP: 35/47 MP: 6/6
  3402 | D:4      | Found a transporter.
  3402 | D:4      | Noticed rumpelstilzz's ghost (amateur CeWr)
  3507 | D:4      | Noticed an ogre
  3524 | D:4      | Found a transporter.
  3594 | D:4      | Found a burning altar of Makhleb.
  3730 | D:4      | Reached skill level 5 in Long Blades
  4262 | D:5      | Entered Level 5 of the Dungeon
  4313 | D:5      | Noticed a sky beast
  4373 | D:5      | Noticed an ogre
  4378 | D:5      | Reached XP level 7. HP: 53/53 MP: 7/7
  4390 | D:5      | Reached skill level 4 in Fighting
  4524 | D:5      | Reached skill level 1 in Evocations
  4541 | D:5      | Found a shattered altar of Ashenzari.
  4597 | D:5      | Reached skill level 1 in Spellcasting
  5030 | D:5      | Reached XP level 8. HP: 43/61 MP: 9/9
  5133 | D:5      | Found a glowing silver altar of Zin.
  5254 | D:5      | Reached skill level 5 in Fighting
  5906 | D:6      | Noticed Sigmund
  6172 | D:7      | Reached skill level 6 in Fighting
  6217 | D:6      | Killed Sigmund
  7093 | D:7      | Reached skill level 7 in Fighting
  7129 | D:7      | Reached XP level 9. HP: 19/72 MP: 10/10
  7468 | D:7      | Noticed a hippogriff
  7806 | D:7      | Found a staircase to the Ecumenical Temple.
  7821 | Temple   | Entered the Ecumenical Temple
  8146 | Temple   | Became a worshipper of the Shining One
  8215 | D:7      | Killed a hippogriff
  8215 | D:7      | Reached skill level 8 in Fighting
  8215 | D:7      | Reached skill level 1 in Invocations
  8803 | D:8      | Found a hazy altar of Hepliaklqana.
  8819 | D:8      | Found a deep blue altar of Sif Muna.
  8821 | D:8      | Found a glowing silver altar of Zin.
  8948 | D:8      | Reached skill level 9 in Fighting
  9101 | D:8      | Noticed Grum
  9126 | D:8      | Reached XP level 10. HP: 64/83 MP: 12/12
  9132 | D:8      | Killed Grum
  9669 | D:9      | Found a staircase to the Lair.
  9669 | D:9      | Reached * piety under the Shining One
 10624 | Lair:1   | Entered Level 1 of the Lair of Beasts
 10674 | Lair:1   | Noticed Joseph
 10729 | D:10     | Entered Level 10 of the Dungeon
 10766 | D:10     | Noticed an unseen horror
 11020 | D:10     | Reached skill level 10 in Fighting
 11055 | D:10     | Killed an unseen horror
 11160 | D:10     | Reached XP level 11. HP: 91/92 MP: 14/14
 11185 | D:10     | Reached skill level 5 in Invocations
 11305 | D:10     | Found the ring of Robustness {AC+8}
 11602 | D:10     | Noticed a centaur warrior
 11614 | D:10     | Killed a centaur warrior
 11614 | D:10     | Reached skill level 11 in Fighting
 11614 | D:10     | Reached skill level 5 in Dodging
 11614 | D:10     | Reached skill level 5 in Evocations
 11737 | D:10     | Reached ** piety under the Shining One
 12062 | D:11     | Found Pewuet Usiu's Antique Weapon Shoppe.
 12067 | D:11     | Bought an ichor-stained scimitar for 324 gold pieces
 12067 | D:11     | Identified the +9 scimitar of Courage {freeze, -Tele rF++
                  | rC+++} (You bought it in a shop on level 11 of the Dungeon)
 12085 | D:11     | Noticed a purple ugly thing
 12168 | Lair:1   | Killed Joseph
 12426 | Lair:1   | Noticed a four-headed hydra
 12461 | Lair:1   | Killed a five-headed hydra
 12523 | Lair:1   | Reached skill level 12 in Fighting
 12722 | Lair:1   | Noticed a four-headed hydra
 12741 | Lair:1   | Killed a four-headed hydra
 12826 | Lair:1   | Noticed Erica
 12841 | Lair:1   | Killed Erica
 12841 | Lair:1   | Reached XP level 12. HP: 85/103 MP: 13/16
 13308 | Lair:2   | Reached skill level 10 in Long Blades
 13780 | Lair:3   | Noticed Fannar
 13783 | Lair:3   | Reached skill level 13 in Fighting
 13783 | Lair:3   | Reached *** piety under the Shining One
 13807 | Lair:3   | Noticed Gastronok
 13904 | Lair:3   | Found a staircase to the Swamp.
 13931 | Lair:3   | Found a hole to the Spider Nest.
 14097 | Lair:2   | Killed Gastronok
 14281 | Lair:3   | Killed Fannar
 14351 | Lair:3   | Got a slimy scale mail
 14362 | Lair:3   | Identified the +5 scale mail "Caruale" {rC+ Dex+4} (You
                  | found it on level 3 of the Lair of Beasts)
 14895 | Lair:4   | Reached XP level 13. HP: 81/111 MP: 14/17
 15476 | Lair:5   | Found a radiant altar of Vehumet.
 15562 | Lair:5   | Noticed a five-headed hydra
 15571 | Lair:5   | Killed a one-headed hydra
 15905 | Lair:5   | Reached skill level 14 in Fighting
 16027 | Lair:5   | Found a staircase to the Slime Pits.
 16028 | Lair:5   | Found a viscous altar of Jiyva.
 16067 | Lair:5   | Found a runed gate.
 16067 | Lair:5   | Found a runed gate.
 16068 | Lair:5   | Found a runed gate.
 16073 | Lair:5   | Noticed a 12-headed hydra
 16074 | Lair:5   | Noticed Gunterle's ghost (journeyman OpEE)
 16413 | Lair:6   | Entered Level 6 of the Lair of Beasts
 16478 | Lair:6   | Reached skill level 5 in Armour
 16861 | Lair:6   | Noticed Sonja
 16867 | Lair:6   | Noticed an eight-headed hydra
 16879 | Lair:6   | Killed a seven-headed hydra
 16940 | Lair:6   | Killed Sonja
 17334 | Lair:6   | Noticed Kirke
 17349 | Lair:6   | Killed Kirke
 17349 | Lair:6   | Reached XP level 14. HP: 113/121 MP: 16/18
 17482 | Lair:6   | Reached skill level 15 in Fighting
 17508 | Lair:6   | Reached **** piety under the Shining One
 17946 | Lair:6   | Reached ***** piety under the Shining One
 18486 | D:4      | Killed rumpelstilzz's ghost
 18497 | D:4      | Got a steaming dire flail {crush}
 18696 | Lair:2   | Identified the +3 dire flail "Spiderslayer" {crush, *Slow
                  | rElec rPois rC+++} (You took it off an ogre on level 4 of
                  | the Dungeon)
 18748 | Spider:1 | Entered Level 1 of the Spider Nest
 19623 | Spider:2 | Reached skill level 16 in Fighting
 19856 | Spider:2 | Reached XP level 15. HP: 128/131 MP: 19/19
 20107 | Spider:2 | Noticed an emperor scorpion
 20107 | Spider:2 | Noticed an emperor scorpion
 20137 | Spider:2 | Killed an emperor scorpion
 20231 | Spider:2 | Noticed an emperor scorpion
 20231 | Spider:2 | Noticed an emperor scorpion
 20254 | Spider:2 | Killed an emperor scorpion
 20420 | Spider:2 | Killed an emperor scorpion
 21148 | Spider:2 | Reached skill level 10 in Dodging
 21343 | Spider:3 | Noticed Nikola
 21410 | Swamp:1  | Entered Level 1 of the Swamp
 21813 | D:11     | Found Iwkirpheu's Antique Armour Emporium.
 21828 | D:11     | Found Dawaong's General Store.
 21832 | D:11     | Bought an ancient leather armour for 217 gold pieces
 21854 | D:11     | Identified the cursed +1 leather armour "Iskoalidgha" {rN+
                  | MR+++ Str-5 Int-2} (You bought it in a shop on level 11 of
                  | the Dungeon)
 21916 | D:11     | Found Zeshrycs's Gadget Boutique.
 22110 | D:11     | Found a staircase to the Orcish Mines.
 23116 | D:12     | Reached ****** piety under the Shining One
 23175 | D:12     | Noticed a fire giant
 23182 | D:12     | Noticed a frost giant
 23190 | D:12     | Killed a fire giant
 23190 | D:12     | Reached skill level 17 in Fighting
 23194 | D:12     | Killed a frost giant
 23323 | D:12     | Reached XP level 16. HP: 141/141 MP: 20/20
 23333 | D:12     | Noticed a tengu reaver
 23451 | D:12     | Found the +8 glaive of the Guard {elec, +Rage AC+5 SInv}
 23461 | D:12     | Killed a tengu reaver
 23903 | D:13     | Got a translucent great sword
 23904 | D:13     | Identified the +7 great sword of the People {venom, *Contam
                  | Dex+8 Stlth+} (You found it on level 13 of the Dungeon)
 23978 | D:13     | Got an ichor-stained dagger
 23979 | D:13     | Identified the +8 dagger of the Hand {chaos, Dex+5} (You
                  | found it on level 13 of the Dungeon)
 24332 | D:13     | Found a runed gate.
 24333 | D:13     | Found a runed gate.
 24334 | D:13     | Found a runed gate.
 24814 | D:14     | Found a glowing golden altar of the Shining One.
 24997 | D:14     | Noticed Judosoz's ghost (journeyman GrBe)
 25005 | D:14     | Found a transporter.
 25031 | D:14     | Found a transporter.
 25275 | D:14     | Found Zostaopu's Jewellery Emporium.
 25374 | D:14     | Found a gate to the Vaults.
 25644 | D:15     | Entered Level 15 of the Dungeon
 25719 | D:15     | Reached XP level 17. HP: 149/149 MP: 21/21
 25777 | D:15     | Reached skill level 18 in Fighting
 25946 | D:15     | Reached skill level 15 in Long Blades
 26205 | D:15     | Found a staircase to the Depths.
 27132 | Depths:1 | Entered Level 1 of the Depths
 27553 | Orc:1    | Entered Level 1 of the Orcish Mines
 27788 | Orc:2    | Entered Level 2 of the Orcish Mines
 27823 | Orc:2    | Found a staircase to the Elven Halls.
 27913 | Orc:2    | Found Apifariz's Armour Boutique.
 28016 | Orc:2    | Reached XP level 18. HP: 152/158 MP: 22/22
 28453 | Orc:2    | Found a roughly hewn altar of Beogh.
 28582 | Orc:2    | Found Humuidghu's Jewellery Shoppe.
 28584 | Orc:2    | Found Ifecs's Magic Scroll Boutique.
 28776 | Orc:2    | Learned a level 1 spell: Apportation
 28800 | Orc:2    | Found a roughly hewn altar of Beogh.
 28832 | Orc:2    | Found Zucwuobe's Armour Boutique.
 28832 | Orc:2    | Found Erphagg's Antique Armour Shoppe.
 28924 | Orc:2    | Bought the ring "Repla Ere" {rPois rF+ MP+9} for 649 gold
                  | pieces
 28983 | Elf:1    | Entered Level 1 of the Elven Halls
 28999 | Elf:1    | Learned a level 2 spell: Swiftness
 29015 | Elf:1    | Found a flickering gateway to a bazaar.
 29028 | Bazaar   | Entered a bazaar
 29033 | Bazaar   | Found Besoete's Magic Scroll Boutique.
 29034 | Bazaar   | Found Ihega's Distillery.
 29053 | Bazaar   | Found Rili's Weapon Emporium.
 29053 | Bazaar   | Found Aguor's Food Shoppe.
 29073 | Bazaar   | Found Fyeryfan's Gadget Boutique.
 29098 | Bazaar   | Found Jutuew's General Store.
 29125 | Bazaar   | Bought a potion of mutation for 80 gold pieces
 29125 | Bazaar   | Bought a potion of heal wounds for 50 gold pieces
 29125 | Bazaar   | Bought a potion of haste for 100 gold pieces
 29125 | Bazaar   | Bought 2 potions of heal wounds for 100 gold pieces
 29131 | Bazaar   | Bought a scroll of identify for 26 gold pieces
 29131 | Bazaar   | Bought a scroll of identify for 26 gold pieces
 29131 | Bazaar   | Bought a scroll of enchant weapon for 97 gold pieces
 29131 | Bazaar   | Bought a scroll of teleportation for 39 gold pieces
 29131 | Bazaar   | Bought a scroll of immolation for 45 gold pieces
 29335 | Elf:1    | Reached skill level 1 in Translocations
 29450 | Elf:1    | Found Baefid's One-of-a-Kind Books.
 29668 | Elf:1    | Got a crystal glaive
 29669 | Elf:1    | Identified the +8 glaive "Riodef Mupti" {pain, +Blink rElec
                  | rC+} (You found it on level 1 of the Elven Halls)
 29674 | Elf:1    | Got a smoking robe
 29675 | Elf:1    | Identified the +1 robe of Yxzoinuf {rPois Str+2 Int-4} (You
                  | found it on level 1 of the Elven Halls)
 30036 | Elf:1    | Noticed Roxanne
 30058 | Elf:1    | Killed Roxanne
 30082 | Elf:1    | Identified Roxanne's Papyrus of Stones (You took it off
                  | Roxanne on level 1 of the Elven Halls)
 30892 | Elf:2    | Noticed Agnes
 30898 | Elf:2    | Killed Agnes
 30913 | Elf:2    | Reached skill level 19 in Fighting
 31238 | Elf:2    | Found a huge runed gate.
 31238 | Elf:2    | Found a huge runed gate.
 31238 | Elf:2    | Found a huge runed gate.
 31238 | Elf:2    | Found a huge runed gate.
 31238 | Elf:2    | Found a huge runed gate.
 31461 | Elf:2    | Reached XP level 19. HP: 93/166 MP: 25/25
 31608 | Elf:2    | Noticed Asterion
 31630 | Elf:2    | Killed Asterion
 32299 | Elf:3    | Entered Level 3 of the Elven Halls
 32323 | Elf:3    | Found a magical portal.
 32354 | Elf:3    | Cast into level 3 of the Abyss (a deep elf demonologist)
 32468 | Elf:3    | Escaped the Abyss
 32472 | WizLab   | Entered The Roulette of Golubria
 32472 | WizLab   | Found a transporter.
 32478 | WizLab   | Found a corrupted altar of Lugonu.
 32495 | WizLab   | Found a corrupted altar of Lugonu.
 32500 | WizLab   | Reached skill level 10 in Armour
 32646 | WizLab   | Found a transporter.
 32666 | WizLab   | Found a transporter.
 32666 | WizLab   | Found a transporter.
 32751 | WizLab   | Reached skill level 5 in Spellcasting
 32779 | WizLab   | Found a transporter.
 32874 | WizLab   | Found a transporter.
 32876 | WizLab   | Found a transporter.
 33002 | WizLab   | Found a transporter.
 33002 | WizLab   | Found a transporter.
 33080 | WizLab   | Found a transporter.
 33080 | WizLab   | Found a transporter.
 33084 | WizLab   | Noticed a profane servitor
 33099 | WizLab   | Killed a profane servitor
 33107 | WizLab   | Identified Tiylihobb's Incunabulum of the Traveller
 33118 | WizLab   | Found a transporter.
 33144 | WizLab   | Found a transporter.
 33148 | WizLab   | Found a transporter.
 33180 | WizLab   | Got a dazzling cloak
 33183 | WizLab   | Got a brightly glowing cloak
 33205 | WizLab   | Identified the -4 cloak "Omoi" {+Blink rC+++ Regen+ Int-2}
                  | (You found it in a wizard's laboratory)
 33206 | WizLab   | Identified the +1 cloak "Ydduevysk" {rF+ rN+ rCorr Str-5}
                  | (You found it in a wizard's laboratory)
 33211 | WizLab   | Found a transporter.
 33211 | WizLab   | Found a transporter.
 33254 | WizLab   | Found a transporter.
 33281 | WizLab   | Found a transporter.
 33343 | WizLab   | Found a transporter.
 33343 | WizLab   | Found a transporter.
 33436 | Elf:3    | Noticed Donald
 33470 | Elf:3    | Killed Donald
 33998 | Elf:3    | Reached skill level 5 in Translocations
 34030 | Elf:3    | Reached XP level 20. HP: 69/174 MP: 28/28
 34264 | Elf:3    | Noticed a Tzitzimitl
 35286 | Swamp:1  | Noticed Louise
 35305 | Swamp:1  | Killed Louise
 37043 | Swamp:3  | Identified a scroll of acquirement
 37177 | Swamp:4  | Entered Level 4 of the Swamp
 38174 | Swamp:4  | Noticed the 27-headed Lernaean hydra
 38181 | Swamp:4  | Killed the 27-headed Lernaean hydra
 38204 | Swamp:4  | Reached XP level 21. HP: 136/182 MP: 30/30
 38256 | Swamp:4  | Reached skill level 20 in Fighting
 38303 | Swamp:4  | Got a decaying rune of Zot
 38991 | Vaults:1 | Entered Level 1 of the Vaults
 39534 | Vaults:1 | Reached skill level 10 in Invocations
 39703 | Vaults:1 | HP: 6/183 [yaktaur captain/bolt (24)]
 39703 | Vaults:1 | The Shining One protects you from harm!
 40459 | Vaults:1 | Reached skill level 1 in Crossbows
 41290 | Vaults:2 | Found Risu's Jewellery Emporium.
 41717 | Vaults:2 | The Shining One protects you from harm!
 41717 | Vaults:2 | HP: 5/184 [deep troll[an ironheart preserver] (9)]
 41725 | Vaults:2 | Mangled by a deep troll

Skill      XL: |  1  2  3  4  5  6  7  8  9 10 11 12 13 14 15 16 17 18 19 20 21 |
---------------+----------------------------------------------------------------+-----
Stealth        | 1 |  1.0
Armour         | 1 2 3 6 7 8 9 11 12 | 12.0
Long Blades    | 4 5 6 7 9 10 12 13 14 15 16 17 | 17.3
Fighting       | 3 4 7 9 10 12 13 14 16 17 18 19 20 | 20.4
Evocations     | 1 2 4 5 6 |  6.0
Spellcasting   | 1 4 5 6 |  6.0
Invocations    | 3 4 6 7 8 9 10 | 10.4
Dodging        | 4 5 6 7 9 10 11 12 13 | 13.9
Translocations | 3 5 6 7 |  7.7
Crossbows      | 1 |  1.9
Throwing       | |  2.0

Action                   |  1- 3 |  4- 6 |  7- 9 | 10-12 | 13-15 | 16-18 | 19-21 || total
-------------------------+-------+-------+-------+-------+-------+-------+-------++-------
Melee: Long sword        |    82 |   211 |   181 |       |       |       |       ||   474
       Great sword       |       |       |    51 |   155 |       |     2 |    23 ||   231
       Scimitar          |       |       |       |   211 |   833 |   881 |  1345 ||  3270
 Fire: Arbalest          |       |       |       |       |       |       |     2 ||     2
Throw: Throwing net      |       |     3 |     2 |     1 |     3 |       |       ||     9
       Javelin           |       |       |       |       |       |     5 |       ||     5
Invok: Divine Shield     |       |       |       |       |     1 |       |     2 ||     3
       Summon Divine War |       |       |       |       |       |       |     3 ||     3
       Cleansing Flame   |       |       |       |       |       |       |     1 ||     1
Evoke: Wand              |       |     1 |     5 |     8 |    44 |    11 |    15 ||    84
  Use: Scroll            |       |       |     5 |    14 |     6 |    15 |    15 ||    55
       Potion            |       |       |     5 |     5 |     7 |     7 |    24 ||    48
 Stab: Sleeping          |     1 |     5 |     2 |       |       |       |       ||     8
       Held in net/web   |       |       |     1 |       |       |       |       ||     1
  Eat: Chunk             |       |     7 |     9 |    16 |    17 |    19 |    12 ||    80
       Ration            |       |     1 |     3 |     1 |     3 |     2 |     7 ||    17
Armor: Leather armour    |    19 |    53 |    33 |    12 |       |       |       ||   117
       Skin              |       |       |     3 |   110 |    85 |       |       ||   198
       Troll leather arm |       |       |       |    71 |   322 |   202 |       ||   595
       Plate armour      |       |       |       |       |       |    23 |   981 ||  1004
Dodge: Dodged            |    69 |   206 |   216 |   301 |   727 |   604 |   873 ||  2996
Block: Other             |       |       |       |       |     1 |       |    55 ||    56
       Rpst.: Long sword |    23 |    71 |    36 |       |       |       |       ||   130
       Great sword       |       |       |    28 |    46 |       |       |     3 ||    77
       Scimitar          |       |       |       |    36 |   163 |   118 |   152 ||   469
